 Dungeon Crawl Stone Soup version 0.21-a0-405-gf2af9a1 (webtiles) character file.

10147 Ijustatesigmund the Cleaver (level 11, -1/99 HPs)
             Began as a Hill Orc Fighter on Nov 1, 2017.
             Slain by a harpy (6 damage)
             ... summoned by Kirke
             ... on level 11 of the Dungeon.
             The game lasted 00:25:26 (10782 turns).

Ijustatesigmund the Cleaver (Hill Orc Fighter)     Turns: 10782, Time: 00:25:27

Health: -1/99      AC:  0    Str: 20    XL:     11   Next: 57%
Magic:  11/11      EV: 18    Int:  8    God:
Gold:   568        SH:  5    Dex: 13    Spells: 10/10 levels left

rFire    . . .     SeeInvis .   (weapon currently unavailable)
rCold    . . .     Gourm    .   (shield currently unavailable)
rNeg     . . .     Faith    .   (armour currently unavailable)
rPois    .         Spirit   .   (helmet currently unavailable)
rElec    .         Reflect  +   (cloak currently unavailable)
rCorr    .         Harm     .   (gloves currently unavailable)
MR       .....                  (boots currently unavailable)
Stlth    +.........             v - +5 amulet of reflection
HPRegen  0.26/turn              (ring currently unavailable)
MPRegen  0.12/turn              (ring currently unavailable)

@: pig-form, hasted and slowed, very quick
A: no striking features
a: no special abilities


You were on level 11 of the Dungeon.
You were not hungry.
You were a filthy swine.
You visited 1 branch of the dungeon, and saw 12 of its levels.

You collected 749 gold pieces.
You spent 181 gold pieces at shops.

Inventory:

Hand Weapons
 a - a +2 war axe (melded)
 A - a +2 fustibalus of velocity
Armour
 b - a +1 chain mail (melded)
 c - a +2 shield (melded)
 o - a +1 pair of gloves (melded)
 u - a +1 cloak of magic resistance (melded)
 y - a +0 helmet (melded)
 C - the +0 pair of boots of Yesterday (melded) {rN+ Dex+4}
   (You acquired it on level 8 of the Dungeon)

   It affects your dexterity (+4).
   It protects you from negative energy.
Jewellery
 v - a +5 amulet of reflection (around neck)
 z - a +6 ring of protection (melded)
Wands
 d - a wand of iceblast (12/15)
 n - a wand of confusion (23/48)
 p - a wand of paralysis (14/24)
 F - a wand of polymorph (0/24)
Scrolls
 h - a scroll of teleportation
 l - a scroll of amnesia
 q - 4 scrolls of identify
 r - 7 scrolls of remove curse
 t - 5 scrolls of immolation
 x - a scroll of magic mapping
 B - 2 scrolls of recharging
 E - 2 scrolls of fog
 K - a scroll of enchant armour
Potions
 e - 3 potions of heal wounds
 g - 3 potions of flight
 m - 3 potions of agility
 s - 3 potions of lignification
 G - 2 potions of curing
 H - a potion of haste
 J - a potion of brilliance
Books
 j - a book of Flames

   Spells                             Type                      Level
   a - Flame Tongue                   Conjuration/Fire             1
   b - Throw Flame                    Conjuration/Fire             2
   c - Conjure Flame                  Conjuration/Fire             3
   d - Inner Flame                    Hexes/Fire                   3
   e - Sticky Flame                   Conjuration/Fire             4
   f - Fireball                       Conjuration/Fire             5
 D - a book of Necromancy

   Spells                             Type                      Level
   a - Pain                           Necromancy                   1
   b - Animate Skeleton               Necromancy                   1
   c - Vampiric Draining              Necromancy                   3
   d - Regeneration                   Charms/Necromancy            3
   e - Animate Dead                   Necromancy                   4
   f - Control Undead                 Necromancy                   4
 L - a book of Cantrips

   Spells                             Type                      Level
   a - Confusing Touch                Hexes                        1
   b - Animate Skeleton               Necromancy                   1
   c - Summon Small Mammal            Summoning                    1
   d - Apportation                    Translocation                1
Comestibles
 f - 9 bread rations
 i - 7 meat rations
 k - 10 royal jellies
 w - 8 fruits
 M - 4 chunks of flesh


   Skills:
 + Level 9.9 Fighting
 + Level 11.7 Axes
 + Level 8.8 Armour
 - Level 6.6 Dodging
 - Level 9.4 Shields


You had 10 spell levels left.
You didn't know any spells.

Dungeon Overview and Level Annotations

Branches:
Dungeon (12/15)            Temple (0/1) D:5            Lair (0/6) D:8
    Orc (0/2) D:12

Altars:
Ashenzari
Hepliaklqana
Qazlal
Ru
Trog
The Shining One

Shops:
D:5 [[

Annotations:
D:11 Kirke


Message History

Kirke gestures wildly while chanting.
Kirke summons some harpies!
Okay, then.
You feel much better.
The harpy screeches!
The harpy completely misses you. The harpy misses you.
Kirke gestures at you while chanting.
You feel as though you will be slow longer.
The harpy claws you! The harpy claws you.
* * * LOW HITPOINT WARNING * * *
Kirke barely misses you.
You feel yourself speed up.
The harpy screeches!
You block the harpy's attack. The harpy closely misses you.
The harpy claws you!
* * * LOW HITPOINT WARNING * * *
The harpy completely misses you. Kirke hits you!
* * * LOW HITPOINT WARNING * * *
You block the harpy's attack. The harpy claws you.
You die...

##............########
##...................#
######...............# #
########..(..k..# # #........# #
###...H....# # #.......#### #
#....H.@# # ###.....h.# ###
#.........# #.#
#########.....##.#####.##########
..............'..................
#.............##.####..#.########
#.#........[..##.# #............
......#.#.....##.####..#.########
#.#.#.#.#.##.###.#.....#.########
#.#.#.#.#.##.# #.#.##............


You could see Kirke, a lindwurm (fleeing) and 2 harpies.

Vanquished Creatures
  Erolcha (D:9)
  A two-headed ogre (D:7)
  2 ugly things (D:11)
  A komodo dragon (D:8)
  A troll (D:12)
  A hornet (D:10)
  Grinder (D:6)
  3 hippogriffs
  A yak (D:7)
  A human (D:7)
  3 hogs (D:7)
  Menkaure (D:6)
  A hungry ghost (D:8)
  A steam dragon (D:11)
  Duvessa (D:5)
  A hornet zombie (D:9)
  A sky beast (D:7)
  A swamp drake (D:11)
  3 ice beasts
  3 orc warriors
  5 phantoms
  A black bear (D:8)
  A necrophage (D:8)
  5 ogres
  A centaur (D:9)
  6 big kobolds (D:12)
  A crocodile (D:9)
  5 bullfrogs
  3 gnoll sergeants
  Dowan (D:5)
  A wyvern skeleton (D:10)
  3 scorpions
  A killer bee (D:11)
  5 howler monkeys
  8 wights
  3 electric eels (D:11)
  11 crimson imps
  A bullfrog zombie (D:5)
  3 orc priests
  A bullfrog skeleton (D:11)
  4 hounds
  A jelly (D:10)
  11 orc wizards
  Ijyb (D:5)
  8 worker ants
  3 hound skeletons
  8 gnolls
  A river rat (D:11)
  8 adders
  A shadow imp (D:5)
  A white imp (D:7)
  3 oozes
  An adder skeleton (D:6)
  2 worms (D:2)
  4 dart slugs
  8 leopard geckos
  35 orcs
  10 bats
  2 giant cockroaches (D:1)
  10 goblins
  5 hobgoblins
  18 jackals
  4 kobolds
  4 quokkas
  5 frilled lizards
  A leopard gecko zombie (D:6)
  A quokka skeleton (D:5)
  9 rats
264 creatures vanquished.

Vanquished Creatures (others)
  A centaur (D:11)
  An adder (D:11)
  A plant (D:8)
3 creatures vanquished.

Grand Total: 267 creatures vanquished

Notes
Turn   | Place    | Note
-------+----------+-------------------------------------------
     0 | D:1      | Ijustatesigmund the Hill Orc Fighter began the quest for the Orb.
     0 | D:1      | Reached XP level 1. HP: 19/19 MP: 1/1
    56 | D:1      | Reached skill level 3 in Axes
   124 | D:1      | Reached XP level 2. HP: 19/27 MP: 2/2
   391 | D:1      | Reached skill level 4 in Axes
   405 | D:1      | Reached XP level 3. HP: 28/33 MP: 3/3
  1080 | D:2      | Reached XP level 4. HP: 37/41 MP: 4/4
  1564 | D:3      | Reached skill level 5 in Axes
  1742 | D:3      | Reached XP level 5. HP: 47/47 MP: 5/5
  1914 | D:3      | Found a faded altar of an unknown god.
  2296 | D:4      | Found a bloodstained altar of Trog.
  2313 | D:4      | Found a glowing golden altar of the Shining One.
  2514 | D:4      | Noticed an ogre
  2521 | D:4      | Killed an ogre
  2521 | D:4      | Reached skill level 5 in Fighting
  2521 | D:4      | Reached skill level 6 in Axes
  2521 | D:4      | Reached XP level 6. HP: 56/56 MP: 6/6
  2794 | D:5      | Entered Level 5 of the Dungeon
  2794 | D:5      | Found Piakhigirgh's Armour Shoppe.
  2960 | D:5      | Reached skill level 7 in Axes
  2967 | D:5      | Found a stormy altar of Qazlal.
  2970 | D:5      | Found a sacrificial altar of Ru.
  2981 | D:5      | Noticed an ice beast
  2987 | D:5      | Reached XP level 7. HP: 60/62 MP: 7/7
  3050 | D:5      | Found a shattered altar of Ashenzari.
  3052 | D:5      | Noticed Duvessa
  3052 | D:5      | Noticed Dowan
  3053 | D:5      | Noticed Ijyb
  3066 | D:5      | Killed Duvessa
  3066 | D:5      | Reached skill level 8 in Axes
  3066 | D:5      | Reached skill level 5 in Armour
  3074 | D:5      | Killed Ijyb
  3090 | D:5      | Killed Dowan
  3260 | D:5      | Found a staircase to the Ecumenical Temple.
  3451 | D:5      | Found a hazy altar of Hepliaklqana.
  3492 | D:5      | Found Rizucwak's Armour Shoppe.
  3497 | D:5      | Bought a +1 cloak of magic resistance for 181 gold pieces
  3729 | D:6      | Reached XP level 8. HP: 70/71 MP: 8/8
  3845 | D:6      | Noticed Menkaure
  3851 | D:6      | Killed Menkaure
  3851 | D:6      | Reached skill level 1 in Dodging
  4014 | D:6      | Noticed Grinder
  4045 | D:6      | Killed Grinder
  4045 | D:6      | Reached skill level 5 in Shields
  4926 | D:7      | Reached XP level 9. HP: 72/78 MP: 9/9
  4988 | D:7      | Reached skill level 5 in Dodging
  5250 | D:7      | Noticed a two-headed ogre
  5566 | D:8      | Reached XP level 10. HP: 69/83 MP: 10/10
  5604 | D:8      | Identified 2 scrolls of acquirement
  5607 | D:8      | Got a pair of jewelled boots
  5613 | D:8      | Identified the +0 pair of boots of Yesterday {rN+ Dex+4} (You acquired it on level 8 of the Dungeon)
  5748 | D:8      | Found a staircase to the Lair.
  6108 | D:7      | Killed a two-headed ogre
  6108 | D:7      | Reached skill level 9 in Axes
  6764 | D:9      | Noticed Erolcha
  6785 | D:9      | Killed Erolcha
  6785 | D:9      | Reached skill level 10 in Axes
  7656 | D:10     | Entered Level 10 of the Dungeon
  7681 | D:10     | Reached XP level 11. HP: 94/94 MP: 11/11
  8486 | D:11     | Noticed a brown ugly thing
  8511 | D:11     | Killed a brown ugly thing
  8511 | D:11     | Reached skill level 11 in Axes
  9472 | D:11     | Noticed a purple ugly thing
  9481 | D:11     | Killed a purple ugly thing
 10147 | D:12     | Found a bloodstained altar of Trog.
 10583 | D:12     | Found a staircase to the Orcish Mines.
 10744 | D:12     | Noticed Kirke
 10759 | D:12     | Noticed a manticore
 10761 | D:12     | Noticed a lindwurm
 10773 | D:12     | Noticed a lindwurm
 10777 | D:11     | Noticed a lindwurm
 10781 | D:11     | Noticed a harpy
 10781 | D:11     | Noticed a harpy
 10782 | D:11     | Slain by a harpy

Vault maps used:
D:1:      lightli_arrival_isolated_outpost, minmay_misc_feat_doors
D:2:      kennysheep_big_flooded_room, serial_forest,
          infiniplex_forest_clump_curved, infiniplex_forest_clump_C,
          infiniplex_forest_lined_corner, infiniplex_forest_straight_2,
          infiniplex_forest_join, xom_teletrap_fun
D:3:      chequers_ecumenical_altar_lobes
D:4:      chequers_temple_overflow_statue_of_worship
D:5:      grunt_temple_overflow_cloverleaf, temple_statues, serial_shops, shop,
          shop, first_bread, uniq_duvessa, uniq_ijyb
D:6:      uniq_grinder, uniq_menkaure
D:7:      grunt_livestock, minmay_nine_imps
D:8:      david_lair_shrubbed
D:9:      minmay_liquid_box, uniq_erolcha
D:12:     kennysheep_orc_monster_closet_entryway, st_stairs_8, trog_wizard,
          uniq_kirke

Skill      XL: |  1  2  3  4  5  6  7  8  9 10 11 |
---------------+----------------------------------+-----
Axes           | 3 4 5 6 7 8 10 11 | 11.7
Fighting       | 4 5 6 8 9 |  9.9
Armour         | 4 5 7 8 |  8.8
Dodging        | 3 6 |  6.6
Shields        | 6 8 9 |  9.4

Action                   |  1- 3 |  4- 6 |  7- 9 | 10-12 || total
-------------------------+-------+-------+-------+-------++-------
Melee: War axe           |   119 |   168 |   257 |   514 ||  1058
       Unarmed           |       |       |       |     5 ||     5
Evoke: Wand              |       |       |       |    10 ||    10
  Use: Scroll            |     6 |     7 |     5 |     8 ||    26
       Potion            |       |     6 |     1 |     3 ||    10
 Stab: Paralysed         |       |       |       |     5 ||     5
  Eat: Chunk             |     1 |     6 |     6 |    14 ||    27
       Royal jelly       |       |       |     1 |       ||     1
       Fruit             |       |       |       |     5 ||     5
Armor: Scale mail        |    38 |       |       |       ||    38
       Chain mail        |    29 |    81 |   112 |   141 ||   363
Dodge: Dodged            |    36 |    27 |    53 |    89 ||   205
Block: Shield            |    93 |    97 |   198 |   425 ||   813
       Reflection        |       |       |     1 |     9 ||    10
       Other             |       |       |       |     2 ||     2

Table legend:
 A = Spawn XP
 B = Non-spawn XP
 C = Spawn XP percentage of total XP
 D = Spawn monster count
 E = Non-spawn monster count
 F = Spawn count percentage of total count
 G = Total turns spent on level
                    A         B        C        D         E        F      G
               +---------+---------+-------+---------+---------+-------+---------
         Total |       0 |   14496 |   0.0 |       0 |     265 |   0.0 | 10782
               +---------+---------+-------+---------+---------+-------+---------
           D:1 |       0 |      65 |   0.0 |       0 |      36 |   0.0 |   998
           D:2 |       0 |      38 |   0.0 |       0 |      15 |   0.0 |   551
           D:3 |       0 |      76 |   0.0 |       0 |      17 |   0.0 |   723
           D:4 |       0 |     285 |   0.0 |       0 |      12 |   0.0 |   522
           D:5 |       0 |     722 |   0.0 |       0 |      21 |   0.0 |   907
           D:6 |       0 |     878 |   0.0 |       0 |      15 |   0.0 |   942
           D:7 |       0 |    3176 |   0.0 |       0 |      34 |   0.0 |  1223
           D:8 |       0 |    1909 |   0.0 |       0 |      24 |   0.0 |   814
           D:9 |       0 |    2066 |   0.0 |       0 |      22 |   0.0 |   976
          D:10 |       0 |    1170 |   0.0 |       0 |      22 |   0.0 |   778
          D:11 |       0 |    2254 |   0.0 |       0 |      21 |   0.0 |  1580
          D:12 |       0 |    1857 |   0.0 |       0 |      26 |   0.0 |   768
               +---------+---------+-------+---------+---------+-------+---------
